 Dungeon Crawl Stone Soup version 0.28.0-53-g5a82cb258f (webtiles) character file.

Game seed: 4892940983536065913

268 MiltankisOP the Ducker (level 6, 0/47 HPs)
             Began as a Merfolk Monk on June 16, 2022.
             Killed from afar by an orc wizard (4 damage)
             ... with a magic dart
             ... on level 3 of the Dungeon.
             The game lasted 00:04:50 (3133 turns).

MiltankisOP the Ducker (Merfolk Monk)               Turns: 3133, Time: 00:04:51

Health: 0/47       AC:  5    Str: 12    XL:     6   Next: 21%
Magic:  6/6        EV: 16    Int:  9    God:
Gold:   145        SH:  0    Dex: 18    Spells: 5/5 levels left

rFire   . . .      SeeInvis .   a - +0 spear
rCold   . . .      Faith    .   (no shield)
rNeg    . . .      Spirit   .   b - +0 robe
rPois   .          Reflect  .   c - +2 helmet
rElec   .          Harm     .   (no cloak)
rCorr   .          Rampage  .   (no gloves)
Will    .....                   (no boots)
Stlth   +.........              i - amulet of the acrobat
HPRegen 0.15/turn               (no ring)
MPRegen 0.10/turn               (no ring)

@: confused
A: (nimble swimmer 2), mertail
a: no special abilities


You were on level 3 of the Dungeon.
You visited 1 branch of the dungeon, and saw 4 of its levels.

You collected 145 gold pieces.

Inventory:

Hand Weapons
 a - a +0 spear (weapon)
Armour
 b - a +0 robe (worn)
 c - a +2 helmet (worn)
Jewellery
 i - an amulet of the acrobat (around neck)
 k - a ring of flight
Scrolls
 d - 2 scrolls of identify {unknown}
 f - a scroll of fear {unknown}
 g - a scroll of teleportation {unknown}
 j - 2 scrolls of fog {unknown}
 n - a scroll of vulnerability {unknown}
 o - a scroll of enchant weapon {unknown}
Potions
 e - a potion of degeneration {unknown}
 h - a potion of curing {unknown}
 l - a potion of might {unknown}
 m - 2 potions of heal wounds {unknown}
 p - a potion of haste {unknown}


   Skills:
 - Level 3.3 Fighting
 - Level 7.0 Polearms
 + Level 7.4 Dodging
 - Level 2.2 Stealth


You had 5 spell levels left.
You didn't know any spells.
Your spell library was empty.

Dungeon Overview and Level Annotations

Branches:
Dungeon (4/15)
 Temple: D:4-7

Altars:
Kikubaaqudgha
The Shining One


Innate Abilities, Weirdness & Mutations

((You are very nimble when in or above water. (Stealth+, EV+, Speed+++)))
Your lower body shifts to a powerful aquatic tail in water.


Message History

Deactivating autopickup; reactivate with Ctrl-A.
You miss something. Something hits you.
You barely miss something. You barely miss something. Something hits you.
You miss something.
You hear some strange, mumbled words.
A magic dart appears from out of thin air!
The magic dart hits you.
You barely miss something. Something hits you.
You hit something. Something barely misses you.
You hit something. You barely miss something.
You hear some strange, mumbled words.
A puff of flame appears from out of thin air!
The puff of flame hits you!
* * * LOW HITPOINT WARNING * * *
You miss something. Something barely misses you.
You hit something but do no damage. Something hits you.
* * * LOW HITPOINT WARNING * * *
You hit something. You closely miss something. Something closely misses you.
You hit something but do no damage.
You hear some strange, mumbled words.
A puff of flame appears from out of thin air!
The puff of flame misses you.
You hit something but do no damage.
You hear some strange, mumbled words.
You are confused.
You hit something but do no damage.
You bump into the rock wall.
Something hits you.
* * * LOW HITPOINT WARNING * * *
Something misses you.
Things that are here:
a +0 leather armour; a +0 whip; an orc skeleton Something hits you but does no damage.
You bump into the rock wall.
You hear some strange, mumbled words.
A magic dart appears from out of thin air!
The magic dart hits you.
You die...

########.#.......#.#.###.#
#........#.......#.#.)<#.#
#........####.####[#####.#
#........................#
#............+.........###
###............#(........#
...............)>........#
#.##############{........#
..# #@.......(# ###
#..)......# ###########


There were no monsters in sight!

Vanquished Creatures
  An ogre (D:3)
  An orc priest (D:3)
  An orc wizard (D:4)
  An iguana (D:3)
  3 adders
  An ufetubus (D:3)
  A worm (D:3)
  A dart slug (D:1)
  6 orcs
  7 ball pythons
  2 bats
  3 endoplasms
  5 giant cockroaches
  5 goblins
  3 hobgoblins (D:2)
  2 jackals (D:3)
  6 kobolds
  6 frilled lizards
  4 rats (D:1)
59 creatures vanquished.

Notes
Turn   | Place    | Note
-------+----------+-------------------------------------------
     0 | D:1      | MiltankisOP the Merfolk Monk began the quest for the Orb.
     0 | D:1      | Reached XP level 1. HP: 18/18 MP: 1/1
   219 | D:1      | Reached skill level 5 in Polearms
   220 | D:1      | Reached XP level 2. HP: 24/24 MP: 2/2
   670 | D:1      | Reached XP level 3. HP: 29/29 MP: 3/3
  1671 | D:3      | Found an ancient bone altar of Kikubaaqudgha.
  1792 | D:3      | Reached XP level 4. HP: 26/35 MP: 4/4
  2285 | D:3      | Reached skill level 5 in Dodging
  2290 | D:3      | Found a faded altar of an unknown god.
  2398 | D:3      | Found a glowing golden altar of the Shining One.
  2560 | D:4      | Noticed an ogre
  2587 | D:3      | Killed an ogre
  2588 | D:3      | Reached XP level 5. HP: 19/41 MP: 5/5
  2766 | D:3      | Reached XP level 6. HP: 14/47 MP: 6/6
  3133 | D:3      | Killed from afar by an orc wizard

Illustrated notes

Levels and vault maps discovered:
D:1:      nagdon_arrival_zigzag_paths, layout_basic
D:2:      layout_loops_ring, minmay_misc_feat_enclosed
D:3:      layout_basic, lemuel_tele_altar, tso_oasis_becter,
          hellmonk_ecumenical_altar_crossroads
D:4:      layout_cave_pools

Skill      XL: |  1  2  3  4  5 |
---------------+----------------+-----
Polearms       | 5 6 7 |  7.0
Dodging        | 6 7 |  7.4
Fighting       | |  3.3
Stealth        | |  2.2

Action                   |  1- 3 |  4- 6 || total
-------------------------+-------+-------++-------
Melee: Spear             |   142 |   137 ||   279
       Punch             |     3 |     1 ||     4
 Stab: Sleeping          |    13 |     2 ||    15
       Distracted        |     1 |       ||     1
Armor: Robe              |    20 |    27 ||    47
Dodge: Dodged            |    55 |   110 ||   165
